 Dungeon Crawl Stone Soup version 0.19.0-19-g8c6edcc (webtiles) character file.

508 grisgris the Shield-Bearer (level 7, -3/44 HPs)
             Began as a Gargoyle Fighter on Nov 13, 2016.
             Slain by an ice beast (5 damage)
             ... on level 5 of the Dungeon.
             The game lasted 00:05:12 (1210 turns).

grisgris the Shield-Bearer (Gargoyle Fighter)       Turns: 1210, Time: 00:05:12

Health: -3/44      AC:  5    Str: 27    XL:     7   Next: 18%
Magic:  7/7        EV:  8    Int:  8    God:
Gold:   148        SH: 10    Dex:  9    Spells: 0 memorised, 6 levels left

rFire  . . .     SeeInvis .     a - +0 flail
rCold  . . .     Gourm    .     b - +0 scale mail
rNeg   + . .     Faith    .     c - +0 shield
rPois  ∞         Spirit   .     (no helmet)
rElec  +         Reflect  .     (no cloak)
rCorr  .         Harm     .     (no gloves)
MR     .....                    m - +0 pair of boots
Stlth  ..........               (no amulet)
                                (no ring)
                                (no ring)

@: mighty, corroded
A: negative energy resistance 1, electricity resistance, unbreathing,
petrification resistance, rot immunity, AC +4
a: no special abilities


You were on level 5 of the Dungeon.
You were hungry.

You visited 1 branch of the dungeon, and saw 5 of its levels.

You collected 148 gold pieces.

Inventory:

Hand Weapons
 a - a +0 flail (weapon)
Armour
 b - a +0 scale mail (worn)
 c - a +0 shield (worn)
 m - a +0 pair of boots (worn)
Scrolls
 g - a scroll of identify {unknown}
 h - 2 scrolls of remove curse {unknown}
 j - a scroll of blinking {unknown}
 k - a scroll of fog {unknown}
 o - a scroll of immolation {unknown}
 p - a scroll of amnesia {unknown}
 r - a scroll of magic mapping {unknown}
Potions
 e - a potion of heal wounds {unknown}
 i - a potion of degeneration {unknown}
 l - a potion of cancellation {unknown}
 n - 2 potions of ambrosia {unknown}
 q - a potion of curing {unknown}
 s - a potion of resistance {unknown}
 v - a potion of berserk rage {unknown}
 w - a potion of lignification {unknown}
Books
 t - a book of Geomancy

   Spells                             Type                      Level
   a - Sandblast                      Earth                        1
   b - Passwall                       Transmutation/Earth          2
   c - Stone Arrow                    Conjuration/Earth            3
   d - Petrify                        Transmutation/Earth          4
   e - Lee's Rapid Deconstruction     Earth                        5
Comestibles
 f - 2 bread rations
 u - a beef jerky


   Skills:
 + Level 4.4 Fighting
 + Level 4.6 Maces & Flails
 + Level 4.4 Armour
 + Level 1.7 Dodging
 + Level 0.8 Stealth
 + Level 5.1 Shields


You had 6 spell levels left.
You didn't know any spells.

Dungeon Overview and Level Annotations

Branches:
Dungeon (5/15)
 Temple: D:4-7

Altars:
Sif Muna
Trog
Xom

Shops:
D:5 =


Innate Abilities, Weirdness & Mutations

You are resistant to torment.
Your stone body is resilient. (AC +4)
You are immune to poison.
You resist negative energy. (rN+)
You are resistant to electric shocks. (rElec)
You can survive without breathing.
You are immune to petrification.
You are immune to rotting.


Message History

The ice beast hits you. The ice beast freezes you!
The ice beast barely misses you.
You barely miss the ice beast.
The ice beast is moderately wounded.
You block the ice beast's attack.
You feel very mighty all of a sudden. The ice beast hits you.
The ice beast freezes you!
* * * LOW HITPOINT WARNING * * *
You hit the ice beast.
The ice beast is heavily wounded.
You block the ice beast's attack.
You closely miss the ice beast.
The ice beast is heavily wounded.
The ice beast hits you but does no damage.
You hit the ice beast but do no damage.
The ice beast is heavily wounded.
The ice beast barely misses you. The ice beast hits you.
* * * LOW HITPOINT WARNING * * *
The ice beast freezes you.
You die...

+........#
#........#
#........#
#.....⌠.⌠#+######
#......∩.[.......
#.....⌠.⌠........
####..#.#..>.%...
##Y#.....Y....
#@###........ #.#
#....!...
#.###........ ###
#..##........ ..#
##.## ... ..#
#..# ..# ##.# ..#
#.## ..# #..#


You could see an ice beast.

Vanquished Creatures
  A sky beast (D:5)
  2 ogres
  A jelly (D:5)
  2 hounds
  An orc wizard (D:4)
  A worker ant zombie (D:5)
  8 adders
  2 worms
  4 orcs
  2 giant cockroaches (D:2)
  6 goblins
  3 hobgoblins
  6 jackals
  2 quokkas
  4 bats
  A frilled lizard (D:4)
  A jackal skeleton (D:4)
  5 rats (D:1)
52 creatures vanquished.

Notes
Turn   | Place    | Note
-------+----------+-------------------------------------------
     0 | D:1      | grisgris the Gargoyle Fighter began the quest for the Orb.
     0 | D:1      | Reached XP level 1. HP: 14/14 MP: 1/1
   133 | D:1      | Reached XP level 2. HP: 19/19 MP: 2/2
   205 | D:1      | Reached XP level 3. HP: 11/23 MP: 3/3
   613 | D:3      | Found a shimmering altar of Xom.
   624 | D:3      | Found a hide-covered altar of Uskayaw.
   624 | D:3      | Found a bloodstained altar of Trog.
   626 | D:3      | Found a deep blue altar of Sif Muna.
   626 | D:3      | Found a deep blue altar of Sif Muna.
   626 | D:3      | Found a hazy altar of Hepliaklqana.
   697 | D:3      | Reached XP level 4. HP: 29/29 MP: 4/4
   805 | D:4      | Reached skill level 4 in Shields
   809 | D:4      | Reached XP level 5. HP: 32/33 MP: 5/5
   835 | D:4      | Noticed an ogre
   857 | D:4      | Reached skill level 1 in Dodging
   863 | D:4      | Killed an ogre
   863 | D:4      | Reached XP level 6. HP: 34/38 MP: 6/6
   941 | D:4      | Found Sumn's Antique Weapon Shop.
  1027 | D:5      | Entered Level 5 of the Dungeon
  1037 | D:5      | Noticed a sky beast
  1063 | D:5      | Killed a sky beast
  1127 | D:5      | Reached skill level 5 in Shields
  1127 | D:5      | Reached XP level 7. HP: 39/44 MP: 7/7
  1153 | D:5      | Found Emygix's Jewellery Shop.
  1210 | D:5      | HP: 2/44 [ice beast (3)]
  1210 | D:5      | Slain by an ice beast

Skill      XL: |  1  2  3  4  5  6 |
---------------+-------------------+-----
Armour         | 4 |  4.4
Shields        | 4 5 |  5.1
Maces & Flails | 3 4 |  4.6
Dodging        | 1 |  1.7
Fighting       | 4 |  4.4
Stealth        | |  0.8

Action                   |  1- 3 |  4- 6 |  7- 9 || total
-------------------------+-------+-------+-------++-------
Melee: Flail             |   149 |   139 |    22 ||   310
  Use: Potion            |       |       |     1 ||     1
  Eat: Chunk             |       |     1 |       ||     1
Armor: Scale mail        |   104 |    78 |     7 ||   189
Dodge: Dodged            |    55 |    35 |     7 ||    97
Block: Shield            |    95 |    68 |    11 ||   174
